 Dungeon Crawl Stone Soup version 0.29.0-11-gd7f09526c8 (webtiles) character file.

Game seed: 17279149550858204050

53 MisterFreud the Slasher (level 3, -5/40 HPs)
             Began as a Merfolk Gladiator on Sept 4, 2022.
             Was a Follower of Dithmenos.
             Slain by a scorpion (6 damage)
             ... on level 4 of the Dungeon.
             The game lasted 00:02:00 (2483 turns).

MisterFreud the Slasher (Merfolk Gladiator)         Turns: 2483, Time: 00:02:01

Health: -5/40      AC: 21    Str: 14    XL:     3   Next: 89%
Magic:  3/3        EV:  2    Int:  7    God:    Dithmenos [*.....]
Gold:   135        SH:  0    Dex: 17    Spells: 2/2 levels left

rFire   . . .      SeeInvis .   a - +0 long sword
rCold   . . .      Faith    .   h - orb {light}
rNeg    . . .      Spirit   .   (body armour currently unavailable)
rPois   +          Reflect  .   (helmet currently unavailable)
rElec   .          Harm     .   (cloak currently unavailable)
rCorr   .          Rampage  .   (gloves currently unavailable)
Will    .....      NoTele   +   (boots currently unavailable)
Stlth   ++........              (no amulet)
HPRegen 0.13/turn               (no ring)
MPRegen 0.08/turn               (no ring)

@: tree-form
A: stationary, stasis, torment immunity, boosted hp, (nimble swimmer 2),
(mertail)
a: Renounce Religion


You were on level 4 of the Dungeon.
You worshipped Dithmenos.
Dithmenos was aware of your devotion.
You were a tree.
You visited 1 branch of the dungeon, and saw 4 of its levels.

You collected 135 gold pieces.

Inventory:

Hand Weapons
 a - a +0 long sword (weapon)
Missiles
 d - 3 throwing nets (quivered)
 e - a javelin
Armour
 b - a +0 leather armour (melded)
 c - a +0 helmet (melded)
 h - an orb of light (worn)
 i - a +0 pair of gloves (melded)
 t - a +0 pair of boots (melded)
Scrolls
 f - a scroll of magic mapping {unknown}
 j - a scroll of poison {unknown}
 k - a scroll of silence {unknown}
 l - 3 scrolls of identify {unknown}
 m - a scroll of fear {unknown}
 u - a scroll of amnesia {unknown}
Potions
 g - a potion of ambrosia {unknown}
 n - a potion of attraction {unknown}
 o - a potion of degeneration {unknown}
 p - a potion of might {unknown}
 q - a potion of curing {unknown}
 r - a potion of lignification
 s - a potion of brilliance {unknown}


   Skills:
 - Level 2.2 Fighting
 + Level 5.6 Long Blades
 - Level 2.0 Throwing
 - Level 4.0 Dodging


You had 2 spell levels left.
You didn't know any spells.
Your spell library contained the following spells:

 Spells                   Type           Power      Damage    Failure   Level
 Portal Projectile        Hex/Tloc       0%         N/A       80%         3
 Tukima's Dance           Hex            0%         N/A       80%         3
 Animate Dead             Necr           0%         N/A       99%         4
 Blade Hands              Tmut           0%         N/A       100%        5
 Borgnjor's Vile Clutch   Necr/Erth      0%         N/A       100%        5
 Death Channel            Necr           0%         N/A       100%        6


Dungeon Overview and Level Annotations

Branches:
Dungeon (4/15)
 Temple: D:4-7

Altars:
Dithmenos
Gozag
Ru
Vehumet
Zin


Innate Abilities, Weirdness & Mutations

You are a tree.
Your roots penetrate the ground, keeping you stationary.
You cannot be teleported.
You are immune to unholy pain and torment.
Your maximum health is greatly increased.
Your equipment is partially melded.
((You are very nimble when in or above water. (Stealth+, EV+, Speed+++)))
((Your lower body shifts to a powerful aquatic tail in water.))


Message History

The scorpion is moderately wounded.
You feel very sick. The scorpion stings you. The scorpion closely misses you.
You are too injured to fight recklessly!
You are too injured to fight recklessly!
Unknown command.
You closely miss the scorpion.
The scorpion is moderately wounded.
You feel sick. The scorpion misses you.
You barely miss the scorpion.
The scorpion is moderately wounded.
You feel sick. The scorpion barely misses you.
Unknown command.
You closely miss the scorpion.
The scorpion is moderately wounded.
You feel sick. The scorpion stings you.
* * * LOW HITPOINT WARNING * * *
The scorpion closely misses you.
Unknown command.
It was a potion of lignification.
You turn into a tree.
Your +0 helmet melds into your body.
Your +0 pair of gloves melds into your body.
Your +0 pair of boots melds into your body.
Your +0 leather armour melds into your body.
Your roots penetrate the ground.
* * * LOW HITPOINT WARNING * * *
You feel sick.
The scorpion stings you but does no damage.
You closely miss the scorpion.
The scorpion is moderately wounded.
* * * LOW HITPOINT WARNING * * *
You feel sick.
You are no longer poisoned.
The scorpion stings you but does no damage.
Unknown command.
You closely miss the scorpion.
The scorpion is moderately wounded.
The scorpion stings you but does no damage.
The scorpion stings you.
You die...

... ..
....#######...#
#......<......#
##......###.#..
##..##..# ....
##.# ... #.# ..
#.## . #.♣#
##.s......
###>!....
...... .....
..... ####


You could see a scorpion.

Vanquished Creatures
  An adder (D:3)
  2 worms
  2 dart slugs (D:2)
  4 ball pythons
  3 bats
  3 endoplasms
  A giant cockroach (D:1)
  3 goblins
  4 hobgoblins
  A quokka (D:2)
  2 frilled lizards
  2 kobolds
  5 rats
33 creatures vanquished.

Notes
Turn   | Place    | Note
-------+----------+-------------------------------------------
     0 | D:1      | MisterFreud the Merfolk Gladiator began the quest for the
                  | Orb.
     0 | D:1      | Reached XP level 1. HP: 16/16 MP: 1/1
     2 | D:1      | Noticed a ghoul
     2 | D:1      | Noticed a gargoyle
     4 | D:1      | Noticed a spriggan
     4 | D:1      | Noticed a demonspawn
     6 | D:1      | Noticed a palentonga
     6 | D:1      | Noticed a felid
     8 | D:1      | Noticed a draconian
    10 | D:1      | Noticed a meteoran
    10 | D:1      | Noticed a troll
    12 | D:1      | Noticed an octopode
    12 | D:1      | Noticed a merfolk
    14 | D:1      | Noticed a human
    14 | D:1      | Noticed a vampire
    16 | D:1      | Noticed an ogre
    18 | D:1      | Noticed a vine stalker
    18 | D:1      | Noticed a naga
    20 | D:1      | Noticed a minotaur
    20 | D:1      | Noticed a formicid
    22 | D:1      | Noticed a tengu
    24 | D:1      | Noticed an elf
    24 | D:1      | Noticed a demonspawn
    26 | D:1      | Noticed an ogre
   266 | D:1      | Reached skill level 4 in Long Blades
   387 | D:1      | Reached XP level 2. HP: 22/22 MP: 2/2
  1000 | D:2      | Found a faded altar of an unknown god.
  1016 | D:2      | Prayed at the altar of an unknown god.
  1016 | D:2      | Became a worshipper of Dithmenos the Shadowed
  1016 | D:2      | Reached * piety under Dithmenos
  1326 | D:2      | Reached XP level 3. HP: 27/27 MP: 3/3
  1366 | D:2      | Reached skill level 5 in Long Blades
  1671 | D:3      | Found a radiant altar of Vehumet.
  1810 | D:3      | Found a glowing silver altar of Zin.
  1810 | D:3      | Found an opulent altar of Gozag.
  1916 | D:3      | Found a sacrificial altar of Ru.
  2468 | D:4      | Noticed a scorpion
  2482 | D:4      | HP: 1/40 [poisoned by a scorpion]
  2483 | D:4      | Slain by a scorpion

Illustrated notes

Levels and vault maps discovered:
D:1:      kb_arrival_jail, layout_loops_corners, minmay_crystal_water
D:2:      layout_loops_ring, ebering_ecumenical_altar_webs
D:3:      layout_basic, grunt_temple_overflow_gold_and_silver,
          mainiacjoe_overflow_tiny_flanked, fiery_altar_vehumet,
          minmay_tree_intersection, grunt_ministairs_2
D:4:      layout_rooms, mainiacjoe_overflow_brackets,
          nicolae_shop_sticking_my_neck_out

Skill      XL: |  1  2  3 |
---------------+----------+-----
Long Blades    | 4 5 |  5.6
Fighting       | |  2.2
Throwing       | |  2.0
Dodging        | |  4.0

Action                   || total
-------------------------++-------
Melee: Long sword        ||   108
  Use: Potion            ||     1
 Stab: Sleeping          ||     3
Armor: Leather armour    ||    17
       Skin              ||     3
Dodge: Dodged            ||    87
